 Dungeon Crawl Stone Soup version 0.31-a0-229-g1fc7ce93e2 (webtiles) character file.

Game seed: 2736079813706473853

191 qw the Shooter (level 5, 0/45 HPs)
             Began as a Minotaur Hexslinger on July 6, 2023.
             Slain by Edmund
             ... wielding a +2 heavy flail
              (17 damage)
             ... on level 4 of the Dungeon.
             The game lasted 00:00:52 (2475 turns).

qw the Shooter (Minotaur Hexslinger)                Turns: 2475, Time: 00:00:53

Health: 0/45       AC:  4    Str: 11 (13) XL:     5   Next: 41%
Magic:  5/5        EV: 11    Int:  9 (10) God:
Gold:   193        SH:  0    Dex: 11 (14) Spells: 5/6 levels left

rFire   . . .        c - +3 arbalest (heavy)
rCold   . . .        (shield currently unavailable)
rNeg    . . .        b - +0 troll leather armour
rPois   .            (helmet restricted)
rElec   .            (no cloak)
rCorr   .            (no gloves)
SInv    +            (no boots)
Will    .....        (no amulet)
Stlth   +            e - ring of see invisible
HPRegen 1.07/turn    (no ring)
MPRegen 0.09/turn

%: no passive effects
@: no status effects
A: horns 2, retaliatory headbutt
a: no special abilities


You were on level 4 of the Dungeon.
You visited 1 branch of the dungeon, and saw 4 of its levels.

You collected 193 gold pieces.


Innate Abilities, Weirdness & Mutations

You have a pair of horns on your head.
You reflexively headbutt those who attack you in melee.


   Skills:
 - Level 3.1 Fighting
 + Level 5.6 Ranged Weapons
 - Level 2.1 Dodging
 - Level 1.0 Spellcasting
 - Level 2.0 Hexes


You had 5 spell levels left.
You knew the following spells:

 Your Spells              Type           Power      Damage    Failure   Level
a - Slow                  Hex            16%        N/A       22%         1

Your spell library contained the following spells:

 Spells                   Type           Power      Damage    Failure   Level
 Inner Flame              Hex/Fire       2%         N/A       67%         3
 Portal Projectile        Hex/Tloc       4%         N/A       67%         3
 Cause Fear               Hex            2%         N/A       91%         4

Inventory:

Hand Weapons
 c - a +3 heavy arbalest (weapon)
Armour
 a - a +1 robe of fire resistance
 b - a +0 troll leather armour (worn)
Jewellery
 e - a ring of see invisible (left hand)
Scrolls
 d - a scroll of identify
 k - a scroll of teleportation
Potions
 h - a potion of haste {unknown}

Dungeon Overview and Level Annotations

Branches:
Dungeon (4/15)
 Temple: D:4-7

Altars:

Annotations:
D:3 3 runed translucent doors, qw's ghost, amateur GrFi
D:4 Edmund


Message History

A dart slug is nearby!
Waypoint 3 assigned to D:4.
You shoot a bolt. The bolt hits the dart slug!
The dart slug is almost dead.
You shoot a bolt. The bolt hits the dart slug!!
You kill the dart slug!
d - a scroll of identify A kobold comes into view.
It is wielding a +0 short sword.
The kobold shouts!
You shoot a bolt. The bolt barely misses the kobold.
The kobold closely misses you. You furiously retaliate!
You headbutt the kobold.
You kill the kobold!
You open the door.
A quokka comes into view.
You shoot a bolt. The bolt hits the quokka.
The quokka is heavily wounded.
The quokka bites you but does no damage. x2
The quokka barely misses you. You furiously retaliate!
You headbutt the quokka!
You kill the quokka!
There is an open door here.
You open the door.
There is an open door here.
An orc comes into view. It is wielding a +0 whip.
Found a stone staircase leading down.
You shoot a bolt. The bolt hits the orc!
You kill the orc!
Edmund the Younger comes into view.
He is wielding a +2 heavy flail.
Edmund shouts!
You shoot a bolt. The bolt barely misses Edmund.
Edmund hits you with a +2 heavy flail!!
You shoot a bolt. The bolt closely misses Edmund.
Edmund hits you with a +2 heavy flail. Edmund barely misses you.
You shoot a bolt. The bolt closely misses Edmund.
Edmund barely misses you. Edmund hits you with a +2 heavy flail!
You shoot a bolt. The bolt hits Edmund!!
Edmund is heavily wounded.
Edmund closely misses you.
You shoot a bolt. The bolt hits Edmund!
Edmund is severely wounded.
Edmund hits you with a +2 heavy flail. Edmund hits you with a +2 heavy flail!
You die...

###'### #.#
#.####
#....#
####.#
#####.#
#.....#
#.##### #@#
......@..#
.....##....
.... ##..##
... #.> ..
#.# . )# .#


You could see Edmund.

Vanquished Creatures
  Jessica (D:2)
  Natasha (twice) (D:2)
  4 adders
  A worm (D:2)
  5 dart slugs
  An orc (D:4)
  7 bats
  5 endoplasms
  4 giant cockroaches
  3 goblins
  5 hobgoblins
  11 jackals
  2 quokkas
  A frilled lizard (D:2)
  8 kobolds
  3 rats
63 creatures vanquished.

Notes
Turn   | Place    | Note
-------+----------+-------------------------------------------
     0 | D:1      | qw the Minotaur Hexslinger began the quest for the Orb.
     0 | D:1      | Reached XP level 1. HP: 16/16 MP: 1/1
     0 | D:1      | 0 ||| qw: Version: 0.3-a-46-gb1f654a
     0 | D:1      | 0 ||| qw: Game counter: 1613
     0 | D:1      | 0 ||| qw: Melee chars always use a shield: true
     0 | D:1      | 0 ||| qw: God list: Okawaru
     0 | D:1      | 0 ||| qw: Allow faded altars: false
     0 | D:1      | 0 ||| qw: Do Orc after clearing Dungeon:15 true
     0 | D:1      | 0 ||| qw: Do second Lair branch before Depths: true
     0 | D:1      | 0 ||| qw: Lair rune preference: random
     0 | D:1      | 0 ||| qw: Goals: Normal
     0 | D:1      | 0 ||| PLANNING D:1-11
   134 | D:1      | Reached skill level 3 in Ranged Weapons
   173 | D:1      | Reached XP level 2. HP: 20/23 MP: 2/2
   522 | D:1      | 522 ||| UPGRADING to +0 leather armour.
   532 | D:1      | 532 ||| DROPPING +0 robe.
   533 | D:1      | 533 ||| UPGRADING to ring of see invisible.
   534 | D:1      | 534 ||| READING scroll labelled YCUDAI ZUIKEF.
   535 | D:1      | 535 ||| READING scroll labelled JAGGUE HYHA.
   540 | D:1      | 540 ||| DROPPING scroll of poison.
   579 | D:2      | Noticed Jessica
   586 | D:2      | Killed Jessica
   587 | D:2      | Reached skill level 4 in Ranged Weapons
   587 | D:2      | Reached XP level 3. HP: 21/29 MP: 3/3
   793 | D:2      | Noticed Natasha
   803 | D:2      | HP: 5/29 [Natasha (6)]
   804 | D:2      | HP: 2/29 [Natasha (4)]
   804 | D:2      | Killed Natasha
   805 | D:2      | Reached XP level 4. HP: 2/36 MP: 4/4
   963 | D:2      | Reached skill level 5 in Ranged Weapons
  1001 | D:2      | Noticed Natasha
  1010 | D:2      | Killed Natasha
  1011 | D:2      | Reached skill level 3 in Fighting
  1085 | D:2      | You fall into a shaft and drop 1 floor!
  1089 | D:3      | Found a runed translucent gate.
  1089 | D:3      | Found a runed translucent gate.
  1089 | D:3      | Found a runed translucent gate.
  1093 | D:3      | Noticed qw's ghost (amateur GrFi)
  1106 | D:3      | Reached XP level 5. HP: 45/45 MP: 5/5
  1512 | D:3      | 1512 ||| UPGRADING to +1 robe of fire resistance.
  1522 | D:3      | 1522 ||| UPGRADING to +0 troll leather armour.
  1532 | D:3      | 1532 ||| DROPPING +0 leather armour.
  1533 | D:3      | 1533 ||| READING scroll labelled YFAILA RYILO.
  1534 | D:3      | 1534 ||| READING scroll labelled DOMABU FAGEG.
  1535 | D:3      | 1535 ||| READING scroll labelled HIYRRI ZUWELUTZ.
  1536 | D:3      | 1536 ||| READING scroll labelled DILEGABAIX.
  1536 | D:3      | Identified a scroll of acquirement
  1536 | D:3      | 1536 ||| ACQUIRING +3 heavy arbalest
  1536 | D:3      | Acquired a +3 heavy arbalest
  1537 | D:3      | 1537 ||| READING scroll labelled IQETA NYCSATO.
  1538 | D:3      | 1538 ||| DRINKING 3 red potions.
  1539 | D:3      | 1539 ||| DROPPING 2 potions of brilliance.
  1891 | D:2      | 1891 ||| DRINKING 2 fizzy red potions.
  1892 | D:2      | 1892 ||| DROPPING potion of degeneration.
  1938 | D:3      | 1938 ||| SWAPPING to +3 heavy arbalest.
  1939 | D:3      | 1939 ||| DROPPING +1 sling.
  2470 | D:4      | Noticed Edmund
  2475 | D:4      | Slain by Edmund

Levels and vault maps discovered:
D:1:      psy_arrival_dodecagon, layout_basic
D:2:      layout_basic, uniq_jessica, uniq_natasha
D:3:      layout_basic, ebering_ghost_rock_garden
D:4:      layout_basic, lightli_corner_chamber, uniq_menkaure, uniq_grinder,
          uniq_sigmund, uniq_eustachio, uniq_edmund

Skill      XL: |  1  2  3  4 |
---------------+-------------+-----
Ranged Weapons | 3 4 5 |  5.6
Fighting       | 2 3 |  3.1
Dodging        | |  2.1
Spellcasting   | |  1.0
Hexes          | |  2.0

Action                     |  1- 3 |  4- 6 || total
---------------------------+-------+-------++-------
   Fire: Sling             |    80 |    95 ||   175
         Arbalest          |       |    13 ||    13
    Use: Scroll            |     2 |     5 ||     7
         Potion            |       |     2 ||     2
 Armour: Robe              |     7 |       ||     7
         Leather armour    |     2 |     5 ||     7
         Troll leather arm |       |     2 ||     2
  Dodge: Dodged            |    24 |    32 ||    56

Table legend:
 A = Non-vault XP
 B = Vault XP
 C = Vault XP percentage of total XP
 D = Non-vault monster count
 E = Vault monster count
 F = Vault count percentage of total count
                 A         B        C        D         E       F
            +---------+---------+-------+---------+---------+-------
      Total |     200 |      73 |  26.7 |      61 |       2 |   3.2
            +---------+---------+-------+---------+---------+-------
        D:1 |      29 |       0 |   0.0 |      15 |       0 |   0.0
        D:2 |     106 |      73 |  40.8 |      24 |       2 |   7.7
        D:3 |      55 |       0 |   0.0 |      18 |       0 |   0.0
        D:4 |      10 |       0 |   0.0 |       4 |       0 |   0.0
            +---------+---------+-------+---------+---------+-------
